TOP OF THE 1ST |
Grand Forks Caterpillars batting - Pitching for Mt. Vernon Bulls : RHP Arnout Els
|
Pitching: RHP Arnout Els
|
|
Batting: SHB Luchino Salimbeni
|
0-0: Foul Ball, location: 2F 0-1: Ball 1-1: Foul Ball, location: 2F 1-2: Reached on error, E1 (Groundball, 25)
|
Batting: RHB Javier Rivera
|
0-0: Called Strike 0-1: Ball 1-1: Swinging Strike 1-2: Strikes out swinging
|
Batting: LHB Júlio Castro
|
0-0: Called Strike 0-1: Ball 1-1: Called Strike 1-2: Strikes out swinging
|
Batting: RHB Vicente Cruz
|
0-0: Fly out, F8 (Flyball, 8LM)
|
Top of the 1st over - 0 run(s), 0 hit(s), 1 error(s), 1 left on base; Grand Forks 0 - Mt. Vernon 0 |
BOTTOM OF THE 1ST |
Mt. Vernon Bulls batting - Pitching for Grand Forks Caterpillars : RHP Luis Villabos
|
Pitching: RHP Luis Villabos
|
|
Batting: RHB Franklin Gestel
|
0-0: Ball 1-0: Called Strike 1-1: Ball 2-1: DOUBLE (Line Drive, 4M)
|
Batting: LHB Raúl Trevino
|
0-0: SINGLE (Line Drive, 8RS) Franklin Gestel to third
|
Batting: RHB Habbo Allaart
|
0-0: Called Strike 0-1: Called Strike Raúl Trevino steals 2nd base 0-2: Ball 1-2: Fly out, F6 (Line Drive, 6)
|
Batting: RHB Alfredo Mojica
|
0-0: Ball 1-0: Called Strike 1-1: Swinging Strike 1-2: Fly out, F9 (Line Drive, 89M) Runner from 3rd tags up, SCORES, throw made
|
Batting: RHB Luis González
|
0-0: Called Strike 0-1: Foul Ball, location: 2F 0-2: Ball 1-2: Strikes out swinging
|
Bottom of the 1st over - 1 run(s), 2 hit(s), 0 error(s), 1 left on base; Grand Forks 0 - Mt. Vernon 1 |
TOP OF THE 2ND |
Grand Forks Caterpillars batting - Pitching for Mt. Vernon Bulls : RHP Arnout Els
|
Batting: RHB Alfonso Baca
|
0-0: Ball 1-0: Called Strike 1-1: Swinging Strike 1-2: Strikes out swinging
|
Batting: RHB Fokke Willemsen
|
0-0: Ground out 6-3 (Groundball, 6)
|
Batting: RHB Nobuhiko Nakayama
|
0-0: Ground out 6-3 (Groundball, 6)
|
Top of the 2nd over - 0 run(s), 0 hit(s), 0 error(s), 0 left on base; Grand Forks 0 - Mt. Vernon 1 |
BOTTOM OF THE 2ND |
Mt. Vernon Bulls batting - Pitching for Grand Forks Caterpillars : RHP Luis Villabos
|
Batting: RHB Dennis Morrow
|
0-0: Swinging Strike 0-1: Foul Ball, location: 2F 0-2: Foul Ball, location: 2F 0-2: Strikes out swinging
|
Batting: RHB Jim Unknown
|
0-0: Called Strike 0-1: Foul Ball, location: 2F 0-2: Ball 1-2: Ball 2-2: Strikes out looking
|
Batting: RHB Luis Campos
|
0-0: Ball 1-0: Called Strike 1-1: Called Strike 1-2: Strikes out swinging
|
Bottom of the 2nd over - 0 run(s), 0 hit(s), 0 error(s), 0 left on base; Grand Forks 0 - Mt. Vernon 1 |
TOP OF THE 3RD |
Grand Forks Caterpillars batting - Pitching for Mt. Vernon Bulls : RHP Arnout Els
|
Batting: LHB Armando Becerra
|
0-0: Swinging Strike 0-1: Swinging Strike 0-2: Strikes out swinging
|
Batting: LHB Felipe Trujillo
|
0-0: Called Strike 0-1: Foul Ball, location: 2F 0-2: Ground out 4-3 (Groundball, 4S)
|
Batting: SHB Luchino Salimbeni
|
0-0: Ball 1-0: Swinging Strike 1-1: Ball 2-1: Foul Ball, location: 2F 2-2: Strikes out swinging
|
Top of the 3rd over - 0 run(s), 0 hit(s), 0 error(s), 0 left on base; Grand Forks 0 - Mt. Vernon 1 |
BOTTOM OF THE 3RD |
Mt. Vernon Bulls batting - Pitching for Grand Forks Caterpillars : RHP Luis Villabos
|
Batting: RHB Jeff Green
|
0-0: Called Strike 0-1: Ground out 6-3 (Groundball, 6)
|
Batting: RHB Franklin Gestel
|
0-0: Fly out, F7 (Flyball, 7M)
|
Batting: LHB Raúl Trevino
|
0-0: Ball 1-0: Swinging Strike 1-1: Ball 2-1: SINGLE (Line Drive, 8LS)
|
Batting: RHB Habbo Allaart
|
0-0: Ball 1-0: SINGLE (Line Drive, 34D) Raúl Trevino to second Runner from 2nd tries for 3rd, SAFE, no throw or cutoff
|
Batting: RHB Alfredo Mojica
|
0-0: Ball 1-0: Ball 2-0: SINGLE (Groundball, 5D) Raúl Trevino scores Habbo Allaart to second
|
Batting: RHB Luis González
|
0-0: Called Strike 0-1: SINGLE (Line Drive, 56) Habbo Allaart to third Alfredo Mojica to second Runner from 3rd tries for Home, SAFE, no throw or cutoff
|
Batting: RHB Dennis Morrow
|
0-0: Foul Ball, location: 2F 0-1: Ball 1-1: Swinging Strike 1-2: Ball 2-2: Ball 3-2: Strikes out swinging
|
Bottom of the 3rd over - 2 run(s), 4 hit(s), 0 error(s), 2 left on base; Grand Forks 0 - Mt. Vernon 3 |
TOP OF THE 4TH |
Grand Forks Caterpillars batting - Pitching for Mt. Vernon Bulls : RHP Arnout Els
|
Batting: RHB Javier Rivera
|
0-0: Called Strike 0-1: Ball 1-1: Ball 2-1: Ball 3-1: Base on Balls
|
Batting: LHB Júlio Castro
|
0-0: Ball 1-0: SINGLE (Flyball, 78S) Javier Rivera to second
|
Batting: RHB Vicente Cruz
|
0-0: Called Strike 0-1: Ball 1-1: Foul Ball, location: 2F 1-2: Fly out, F9 (Flyball, 89S)
|
Batting: RHB Alfonso Baca
|
0-0: Swinging Strike 0-1: Foul Ball, location: 2F 0-2: Ball 1-2: Grounds into double play, 5-4-3 (Groundball, 56)
|
Top of the 4th over - 0 run(s), 1 hit(s), 0 error(s), 1 left on base; Grand Forks 0 - Mt. Vernon 3 |
BOTTOM OF THE 4TH |
Mt. Vernon Bulls batting - Pitching for Grand Forks Caterpillars : RHP Luis Villabos
|
Batting: RHB Jim Unknown
|
0-0: Ball 1-0: Fly out, F4 (Popup, 3DF)
|
Batting: RHB Luis Campos
|
0-0: Called Strike 0-1: Called Strike 0-2: Ball 1-2: Ball 2-2: Foul Ball, location: 2F 2-2: Ball 3-2: Foul Ball, location: 2F 3-2: Foul Ball, location: 2F 3-2: Base on Balls
|
Batting: RHB Jeff Green
|
0-0: Called Strike 0-1: Ball 1-1: Ball 2-1: Ball 3-1: Foul Ball, location: 2F 3-2: Base on Balls Luis Campos to second
|
Batting: RHB Franklin Gestel
|
0-0: Called Strike 0-1: Called Strike 0-2: SINGLE (Groundball, 34) (infield hit) Luis Campos to third Jeff Green to second
|
Pitching: LHP José Duarte
|
|
Batting: LHB Raúl Trevino
|
0-0: Called Strike 0-1: Foul Ball, location: 2F 0-2: Foul Ball, location: 2F 0-2: Ball 1-2: Ball 2-2: Foul Ball, location: 2F 2-2: Grounds into double play, 4-6-3 (Groundball, 4)
|
Bottom of the 4th over - 0 run(s), 1 hit(s), 0 error(s), 2 left on base; Grand Forks 0 - Mt. Vernon 3 |
TOP OF THE 5TH |
Grand Forks Caterpillars batting - Pitching for Mt. Vernon Bulls : RHP Arnout Els
|
Batting: RHB Fokke Willemsen
|
0-0: Ground out 5-3 (Groundball, 56)
|
Batting: RHB Nobuhiko Nakayama
|
0-0: Ball 1-0: Called Strike 1-1: Fly out, F4 (Popup, 4D)
|
Batting: LHB Armando Becerra
|
0-0: Hit by Pitch
|
Batting: LHB Felipe Trujillo
|
0-0: Swinging Strike 0-1: Foul Ball, location: 2F 0-2: Foul Ball, location: 2F 0-2: Strikes out swinging
|
Top of the 5th over - 0 run(s), 0 hit(s), 0 error(s), 1 left on base; Grand Forks 0 - Mt. Vernon 3 |
BOTTOM OF THE 5TH |
Mt. Vernon Bulls batting - Pitching for Grand Forks Caterpillars : LHP José Duarte
|
Batting: RHB Habbo Allaart
|
0-0: Ball 1-0: Foul Ball, location: 2F 1-1: Foul Ball, location: 2F 1-2: Ball 2-2: Ball 3-2: SINGLE (Line Drive, 8RS)
|
Batting: RHB Alfredo Mojica
|
0-0: Called Strike 0-1: Ball 1-1: Foul Ball, location: 2F 1-2: Foul Ball, location: 2F 1-2: Foul Ball, location: 2F 1-2: Grounds into double play, 4-6-3 (Groundball, 4)
|
Batting: RHB Luis González
|
0-0: Ball 1-0: SINGLE (Line Drive, 7S)
|
Batting: RHB Dennis Morrow
|
0-0: Called Strike 0-1: Called Strike 0-2: Ball 1-2: Strikes out swinging
|
Bottom of the 5th over - 0 run(s), 2 hit(s), 0 error(s), 1 left on base; Grand Forks 0 - Mt. Vernon 3 |
TOP OF THE 6TH |
Grand Forks Caterpillars batting - Pitching for Mt. Vernon Bulls : RHP Arnout Els
|
Batting: SHB Luchino Salimbeni
|
0-0: Called Strike 0-1: Called Strike 0-2: Strikes out swinging
|
Batting: RHB Javier Rivera
|
0-0: Called Strike 0-1: Foul Ball, location: 2F 0-2: Ground out 5-3 (Groundball, 5)
|
Batting: LHB Júlio Castro
|
0-0: Ball 1-0: SINGLE (Groundball, 56D) (infield hit)
|
Batting: RHB Vicente Cruz
|
0-0: Swinging Strike 0-1: Ball 1-1: Foul Ball, location: 2F 1-2: Ball 2-2: Strikes out swinging
|
Top of the 6th over - 0 run(s), 1 hit(s), 0 error(s), 1 left on base; Grand Forks 0 - Mt. Vernon 3 |
BOTTOM OF THE 6TH |
Mt. Vernon Bulls batting - Pitching for Grand Forks Caterpillars : LHP José Duarte
|
Batting: RHB Jim Unknown
|
0-0: Ball 1-0: Ball 2-0: Ball 3-0: Base on Balls
|
Batting: RHB Luis Campos
|
0-0: Foul Ball, location: 2F 0-1: Swinging Strike 0-2: Ball 1-2: Strikes out swinging
|
Batting: RHB Jeff Green
|
0-0: Grounds into double play, 6-4-3 (Groundball, 6)
|
Bottom of the 6th over - 0 run(s), 0 hit(s), 0 error(s), 0 left on base; Grand Forks 0 - Mt. Vernon 3 |
TOP OF THE 7TH |
Grand Forks Caterpillars batting - Pitching for Mt. Vernon Bulls : RHP Arnout Els
|
Batting: RHB Alfonso Baca
|
0-0: Ball 1-0: SINGLE (Popup, 78S)
|
Batting: RHB Fokke Willemsen
|
0-0: Foul Ball, location: 2F 0-1: Ball 1-1: DOUBLE (Line Drive, 8RM) Alfonso Baca to third
|
Batting: RHB Nobuhiko Nakayama
|
0-0: Foul Ball, location: 2F 0-1: SINGLE (Groundball, 4MD) Alfonso Baca scores Fokke Willemsen to third
|
Batting: LHB Armando Becerra
|
0-0: Ground out U3 (Groundball, 3S) Fokke Willemsen scores Nobuhiko Nakayama to second
|
Batting: LHB Felipe Trujillo
|
0-0: Called Strike 0-1: Ball 1-1: Ball 2-1: Swinging Strike 2-2: Ball 3-2: Base on Balls
|
Batting: SHB Luchino Salimbeni
|
0-0: Foul Ball, location: 2F 0-1: Called Strike 0-2: Ball 1-2: Strikes out looking
|
Batting: RHB Javier Rivera
|
0-0: Ball 1-0: Ball 2-0: Fly out, F6 (Popup, 6)
|
Top of the 7th over - 2 run(s), 3 hit(s), 0 error(s), 2 left on base; Grand Forks 2 - Mt. Vernon 3 |
BOTTOM OF THE 7TH |
Mt. Vernon Bulls batting - Pitching for Grand Forks Caterpillars : LHP José Duarte
|
Batting: RHB Franklin Gestel
|
0-0: Called Strike 0-1: Ball 1-1: Swinging Strike 1-2: Ball 2-2: Foul Ball, location: 2F 2-2: Strikes out looking
|
Pitching: LHP Rio Bavin
|
|
Batting: LHB Raúl Trevino
|
0-0: Called Strike 0-1: Ball 1-1: Ball 2-1: Foul Ball, location: 2F 2-2: Fly out, F6 (Popup, 6MD)
|
Batting: RHB Habbo Allaart
|
0-0: Called Strike 0-1: Foul Ball, location: 2F 0-2: Ball 1-2: Ball 2-2: Strikes out swinging
|
Bottom of the 7th over - 0 run(s), 0 hit(s), 0 error(s), 0 left on base; Grand Forks 2 - Mt. Vernon 3 |
TOP OF THE 8TH |
Grand Forks Caterpillars batting - Pitching for Mt. Vernon Bulls : RHP Arnout Els
|
Batting: LHB Júlio Castro
|
0-0: Called Strike 0-1: Ball 1-1: Foul Ball, location: 2F 1-2: Strikes out swinging
|
Batting: RHB Vicente Cruz
|
0-0: Called Strike 0-1: Called Strike 0-2: Ball 1-2: Foul Ball, location: 2F 1-2: Foul Ball, location: 2F 1-2: Strikes out swinging
|
Batting: RHB Alfonso Baca
|
0-0: Foul Ball, location: 2F 0-1: Swinging Strike 0-2: Foul Ball, location: 2F 0-2: Ball 1-2: Strikes out looking
|
Top of the 8th over - 0 run(s), 0 hit(s), 0 error(s), 0 left on base; Grand Forks 2 - Mt. Vernon 3 |
BOTTOM OF THE 8TH |
Mt. Vernon Bulls batting - Pitching for Grand Forks Caterpillars : LHP Rio Bavin
|
Batting: RHB Alfredo Mojica
|
0-0: Ball 1-0: Foul Ball, location: 2F 1-1: DOUBLE (Line Drive, 7LM)
|
Batting: RHB Luis González
|
0-0: Fly out, F7 (Flyball, 78D)
|
Pinch Hitting: RHB Jorge Quezada
|
0-0: Swinging Strike 0-1: Ball 1-1: Foul Ball, location: 2F 1-2: Ball 2-2: Foul Ball, location: 2F 2-2: Ball 3-2: Foul Ball, location: 2F 3-2: SINGLE (Groundball, 56D) Alfredo Mojica to third Runner from 3rd tries for Home, SAFE, no throw or cutoff
|
Batting: RHB Jim Unknown
|
0-0: Ball 1-0: Fly out, F6 (Popup, 6MD)
|
Batting: RHB Luis Campos
|
0-0: Called Strike 0-1: Ball 1-1: Swinging Strike 1-2: Ball 2-2: Foul Ball, location: 2F 2-2: Strikes out swinging
|
Bottom of the 8th over - 1 run(s), 2 hit(s), 0 error(s), 1 left on base; Grand Forks 2 - Mt. Vernon 4 |
TOP OF THE 9TH |
Grand Forks Caterpillars batting - Pitching for Mt. Vernon Bulls : RHP Arnout Els
|
Pitching: RHP Chet Delaney
|
|
Now at 3B: Jorge Quezada
|
|
Batting: RHB Fokke Willemsen
|
0-0: Ball 1-0: Ball 2-0: Called Strike 2-1: SINGLE (Flyball, 6MD)
|
Pinch Hitting: LHB Javier Antonio
|
0-0: Called Strike 0-1: Called Strike 0-2: Ball 1-2: Ball 2-2: Foul Ball, location: 2F 2-2: Fly out, F8 (Flyball, 8LD)
|
Batting: LHB Armando Becerra
|
0-0: Called Strike 0-1: Fly out, F8 (Flyball, 78M)
|
Batting: LHB Felipe Trujillo
|
0-0: Ball 1-0: Hit by Pitch Fokke Willemsen to second
|
Pinch Hitting: LHB Cristo Maez
|
0-0: Foul Ball, location: 2F 0-1: Ball 1-1: SINGLE (Groundball, 34D) Fokke Willemsen to third Felipe Trujillo to second Runner from 3rd tries for Home, SAFE, throw made home
|
Batting: RHB Javier Rivera
|
0-0: Ball 1-0: Foul Ball, location: 2F 1-1: Ball 2-1: Called Strike 2-2: Strikes out swinging
|
Top of the 9th over - 1 run(s), 2 hit(s), 0 error(s), 2 left on base; Grand Forks 3 - Mt. Vernon 4 |
|